 Dungeon Crawl Stone Soup version 0.29-a0-284-gf9362112df (webtiles) character file.

Game seed: 17687962145947325753

1225 spaghetti the Destroyer (level 8, -5/46 HPs)
             Began as an Octopode Conjurer on Mar 24, 2022.
             Was a Believer of Zin.
             Killed from afar by an orc wizard (8 damage)
             ... with a magic dart
             ... on level 6 of the Dungeon.
             The game lasted 00:13:14 (7318 turns).

spaghetti the Destroyer (Octopode Conjurer)         Turns: 7318, Time: 00:13:14

Health: -5/46      AC:  1    Str:  6    XL:     8   Next: 47%
Magic:  8/15       EV: 13    Int: 22    God:    Zin [**....]
Gold:   168        SH:  0    Dex: 11    Spells: 11/17 levels left

rFire   . . .      SeeInvis .   u - +4 short sword {short}
rCold   . . .      Faith    .   (no shield)
rNeg    . . .      Spirit   .   (helmet restricted)
rPois   .          Reflect  .   (no amulet)
rElec   .          Harm     .   s - ring of willpower
rCorr   .          Rampage  .   (no ring)
Will    +....                   (no ring)
Stlth   +++.......              (no ring)
HPRegen 0.15/turn               (no ring)
MPRegen 0.14/turn               (no ring)
                                (no ring)
                                (no ring)

@: lethally poisoned (-5 -> -9), attractive
A: almost no armour, amphibious, 8 rings, camouflage 1, gelatinous body 1,
(nimble swimmer 1), tentacles
a: Renounce Religion, Recite, Vitalisation, Donate Gold


You were on level 6 of the Dungeon.
You worshipped Zin.
Zin was pleased with you.
You visited 1 branch of the dungeon, and saw 6 of its levels.

You collected 186 gold pieces.
You donated 18 gold pieces to Zin.


Innate Abilities, Weirdness & Mutations

You cannot wear most types of armour.
You are amphibious.
You can wear up to eight rings at the same time.
Your skin changes colour to match your surroundings (Stealth+).
Your rubbery body absorbs attacks. (AC +1, EV +1)
((You are camouflaged when in or above water. (Stealth+)))
You have tentacles for arms and can constrict up to eight enemies at once.


   Skills:
 - Level 2.0 Dodging
 - Level 2.6 Stealth
 - Level 5.0 Spellcasting
 + Level 8.4 Conjurations
 - Level 3.0 Air Magic
 + Level 3.1 Poison Magic


You had 11 spell levels left.
You knew the following spells:

 Your Spells              Type           Power      Damage    Failure   Level
a - Magic Dart            Conj           100%       1d8       1%          1
b - Mephitic Cloud        Conj/Pois/Air  26%        N/A       4%          3
c - Searing Ray           Conj           84%        2d7       1%          2

Your spell library contained the following spells:

 Spells                   Type           Power      Damage    Failure   Level
 Dazzling Flash           Conj/Hex       48%        N/A       5%          3
 Swiftness                Air            18%        N/A       9%          3
 Ensorcelled Hibernation  Hex/Ice        10%        N/A       16%         2
 Passwall                 Tmut/Erth      4%         N/A       16%         2
 Fulminant Prism          Conj/Hex       12%        3d9       19%         4
 Iskenderun's Mystic Bla  Conj/Tloc      24%        2d7       19%         4
 Ignite Poison            Fire/Tmut/Pois 10%        N/A       21%         3
 Lightning Bolt           Conj/Air       15%        1d29      26%         5
 Airstrike                Air            9%         N/A       28%         4
 Gell's Gravitas          Tloc           5%         N/A       30%         3
 Lesser Beckoning         Tloc           5%         N/A       30%         3
 Teleport Other           Tloc           5%         N/A       30%         3
 Summon Lightning Spire   Summ/Air       12%        N/A       47%         4
 Freezing Cloud           Conj/Ice/Air   11%        6-21      52%         5
 Starburst                Conj/Fire      12%        6d5       95%         6
 Dispersal                Tloc           2%         N/A       100%        6

Inventory:

Hand Weapons
 g - a +0 dagger {short}
   (You took it off a goblin on level 3 of the Dungeon)
 i - a +0 spear {polearm}
   (You found it on level 3 of the Dungeon)
 l - a +0 dagger {short}
   (You took it off Ijyb on level 3 of the Dungeon)
 o - a +1 scythe of venom {polearm}
   (You took it off Sigmund on level 4 of the Dungeon)
 u - a +4 short sword (weapon) {short}
   (You took it off a kobold on level 2 of the Dungeon)
Missiles
 d - 168 stones {throwing}
 j - 2 boomerangs {throwing}
 k - a throwing net {=f!fthrowing}
 n - 6 javelins {throwing}
Jewellery
 s - a ring of willpower (left tentacle)
   (You found it on level 2 of the Dungeon)
Wands
 m - a wand of polymorph (15) {forbidden}
   (You took it off Ijyb on level 3 of the Dungeon)
 q - a wand of flame (5)
   (You found it on level 5 of the Dungeon)
Scrolls
 b - 2 scrolls of enchant weapon
 e - a scroll of magic mapping {!r}
 h - 2 scrolls of vulnerability {!r!r}
Potions
 c - 3 potions of degeneration {!q@e2}
 p - 3 potions of brilliance

Dungeon Overview and Level Annotations

Branches:
Dungeon (6/15)
 Temple: D:4-7

Altars:
Okawaru
Xom
Zin

#############
#....#..)@..#########
#.##...ยงo..S.<.......
#.####...#######.###.
#.# ###.# #.# #.# #.#
#.# ##.######)#
#.)...o...#
#..######.#


You could see an orc wizard and an adder (confused).


Message History

The adder is engulfed in noxious fumes.
The adder bites itself.
The orc is engulfed in noxious fumes.
The orc appears confused.
Unknown command.
Unknown command.
Unknown command.
You bump into the rock wall.
You are engulfed in noxious fumes.
You choke on the stench!
You are more confused.
The adder is engulfed in noxious fumes.
The adder appears confused.
The adder bites you.
* * * LOW HITPOINT WARNING * * *
The orc is engulfed in noxious fumes.
The orc appears confused. ๐Ÿ˜ฑ HP[-1]
You take 1 damage, and now have 9/46 hp.
Unknown command.
Unknown command.
You bump into the rock wall.
You are engulfed in noxious fumes.
You choke on the stench!
You are more confused.
The adder is engulfed in noxious fumes.
The adder appears confused.
The adder is engulfed in noxious fumes.
The adder appears confused.
The adder bites the orc but does no damage.
The orc is engulfed in noxious fumes.
The orc appears confused.
Unknown command.
Unknown command.
Unknown command.
You bump into the rock wall.
You are engulfed in noxious fumes.
You choke on the stench!
You are more confused.
The adder is engulfed in noxious fumes.
The adder appears confused.
The adder bites the orc.
The orc is killed!
The orc wizard is attracted toward you. ๐Ÿ˜ฑ MP[+1] Unknown command.
Unknown command.
Unknown command.
The orc wizard is engulfed in noxious fumes.
The orc wizard appears confused.
The adder closely misses you. The orc is attracted toward you.
You bump into the rock wall.
The adder bites the orc wizard but does no damage.
The orc is engulfed in noxious fumes.
The orc appears confused.
The orc hits the orc wizard with a +0 dagger.
The orc completely misses itself.
The orc wizard hits the adder with a +0 dagger.
The orc wizard hits itself with a +0 dagger.
Unknown command.
Unknown command.
Unknown command.
Okay, then.
The orc wizard is attracted toward you.
The orc is attracted toward you. ๐Ÿ˜ฑ HP[+1]
The orc hits the orc wizard with a +0 dagger.
The orc is attracted toward you.
You bump into the rock wall.
The adder bites you.
* * * LOW HITPOINT WARNING * * *
The adder completely misses you.
The orc hits the orc wizard with a +0 dagger.
The orc wizard hits the adder with a +0 dagger. ๐Ÿ˜ฑ HP[-3]
You take 3 damage, and now have 7/46 hp.
You closely miss the adder. Your squeeze misses the adder.
The adder misses you. The orc wizard is attracted toward you.
The orc is attracted toward you.
The orc wizard hits the adder with a +0 dagger. ๐Ÿ˜ฑ MP[+1]
The orc wizard seems less confused.
The orc wizard closely misses you.
Your magical contamination has completely faded away.
The orc is attracted toward you. The adder is attracted toward you.
Unknown command.
You bump into the rock wall.
You feel less confused. The adder bites you.
* * * LOW HITPOINT WARNING * * *
You are lethally poisoned!
The adder poisons you! The orc barely misses you.
The orc wizard hits you with a +0 dagger.
* * * LOW HITPOINT WARNING * * *
๐Ÿ˜ฑ HP[-3]
You take 3 damage, and now have 4/46 hp.
Unknown command.
Unknown command.
Unknown command.
Unknown command.
You are lethally poisoned (4 -> -1).
You attract monsters toward you.
You have 6 tentacles available for constriction.
Your movement speed is average.
Your attack delay is about 1.1.
Okay, then.
Aiming: Magic Dart (safe; 1% risk of failure)
Press: ? - help, Q - select action, (/) - cycle Shift-Dir - straight line, f - orc
Aim: an orc, wielding a +0 dagger and wearing a +0 leather armour (lightly wounded, confused, 100% to hit)
The magic dart hits the orc!
You kill the orc!
* * * LOW HITPOINT WARNING * * *
You feel sick.
The orc wizard points at you and mumbles some strange words.
The magic dart hits you!
You die...

Skill      XL: |  1  2  3  4  5  6  7  8 |
---------------+-------------------------+-----
Conjurations   | 5 6 7 8 |  8.4
Spellcasting   | 5 |  5.0
Air Magic      | 1 3 |  3.0
Poison Magic   | 1 3 |  3.1
Dodging        | |  2.0
Stealth        | |  2.6

Action                   |  1- 3 |  4- 6 |  7- 9 || total
-------------------------+-------+-------+-------++-------
Melee: Unarmed           |    13 |    11 |       ||    24
       Tentacles         |     3 |     4 |     8 ||    15
       Constrict         |     3 |     7 |     3 ||    13
       Short sword       |       |    21 |    27 ||    48
       Punch             |       |       |     1 ||     1
 Cast: Magic Dart        |    76 |   127 |    64 ||   267
       Mephitic Cloud    |       |       |    13 ||    13
       Searing Ray       |       |       |     2 ||     2
Invok: Recite            |       |     3 |     2 ||     5
  Use: Scroll            |       |     5 |     2 ||     7
       Potion            |       |       |     4 ||     4
 Stab: Confused          |       |     1 |       ||     1
Armor: Skin              |     1 |     5 |     3 ||     9
Dodge: Dodged            |     5 |    20 |    61 ||    86

Levels and vault maps discovered:
D:1:      lemuel_arrival_cross, layout_basic, shapermc_ecumenical_altar_venn,
          minmay_tromino_i2
D:2:      minmay_wonky_spiral, layout_rooms, minmay_between
D:3:      layout_rooms, xom_redecorated, kennysheep_generic_room_14, uniq_ijyb
D:4:      layout_loops_corners, uniq_natasha, uniq_sigmund
D:5:      layout_cave_pools, kennysheep_okawaru_gauntlet,
          cheibrodos_sewer_entry_drain, columned_hall_lemuel,
          chequers_serial_rivers_room_b
D:6:      layout_loops_ring, uniq_eustachio

Notes
Turn   | Place    | Note
-------+----------+-------------------------------------------
     0 | D:1      | spaghetti the Octopode Conjurer began the quest for the
                  | Orb.
     0 | D:1      | Reached XP level 1. HP: 11/11 MP: 3/3
     0 | D:1      | magus.rc [v1.9.6]
   275 | D:1      | Reached XP level 2. HP: 17/17 MP: 0/5
   747 | D:1      | Found a faded altar of an unknown god.
   760 | D:1      | Prayed at the altar of an unknown god.
   760 | D:1      | Became a worshipper of Zin the Law-Giver
   760 | D:1      | Reached * piety under Zin
   913 | D:1      | Reached XP level 3. HP: 21/21 MP: 4/6
  1157 | D:2      | Reached skill level 5 in Conjurations
  1223 | D:2      | HP: 5/21 [worm (6)]
  1513 | D:2      | You add the spells Ignite Poison, Mephitic Cloud and
                  | Freezing Cloud to your library.
  1852 | D:2      | Reached ** piety under Zin
  1950 | D:2      | Reached XP level 4. HP: 27/27 MP: 3/7
  2187 | D:2      | You pick up a book of Displacement and begin reading...
  2187 | D:2      | You add the spells Lesser Beckoning, Gell's Gravitas and
                  | Teleport Other to your library.
  2368 | D:3      | Found a shimmering altar of Xom.
  2369 | D:3      | Found a shimmering altar of Xom.
  2552 | D:3      | Reached skill level 6 in Conjurations
  2735 | D:3      | Reached XP level 5. HP: 31/31 MP: 2/8
  2807 | D:3      | Noticed Ijyb
  2828 | D:3      | Killed Ijyb
  2833 | D:3      | You pick up a book of Burglary and begin reading...
  2833 | D:3      | You add the spells Passwall, Ensorcelled Hibernation and
                  | Swiftness to your library.
  3337 | D:3      | You pick up a book of Storms and begin reading...
  3337 | D:3      | You add the spells Airstrike, Summon Lightning Spire and
                  | Lightning Bolt to your library.
  3342 | D:3      | Learned a level 3 spell: Mephitic Cloud
  3345 | D:3      | Learned a level 2 spell: Searing Ray
  3696 | D:4      | Reached skill level 7 in Conjurations
  3696 | D:4      | Reached XP level 6. HP: 30/36 MP: 0/9
  3716 | D:4      | Noticed Natasha
  3720 | D:4      | Killed Natasha
  3822 | D:4      | Noticed Natasha
  3850 | D:5      | Entered Level 5 of the Dungeon
  3971 | D:4      | Killed Natasha
  4445 | D:4      | Noticed a steam dragon
  4448 | D:4      | HP: 9/36 [something] (7)]
  4774 | D:4      | Noticed Natasha
  4777 | D:4      | Reached skill level 8 in Conjurations
  4783 | D:4      | Killed Natasha
  4784 | D:4      | Reached XP level 7. HP: 17/41 MP: 0/10
  5118 | D:4      | Killed a steam dragon
  5119 | D:4      | Reached skill level 3 in Spellcasting
  5128 | D:4      | HP: 8/41 [ufetubus (4)]
  5831 | D:4      | Reached skill level 4 in Spellcasting
  6018 | D:4      | Noticed Sigmund
  6029 | D:4      | Killed Sigmund
  6217 | D:5      | Reached skill level 5 in Spellcasting
  6300 | D:5      | Reached skill level 1 in Air Magic
  6300 | D:5      | Reached skill level 1 in Poison Magic
  6300 | D:5      | Reached XP level 8. HP: 46/46 MP: 6/15
  6377 | D:5      | Reached skill level 2 in Poison Magic
  6510 | D:5      | Reached skill level 3 in Poison Magic
  6603 | D:5      | Found an iron altar of Okawaru.
  6683 | D:5      | Reached skill level 2 in Air Magic
  7111 | D:5      | You pick up a book of Spectacle and begin reading...
  7270 | D:6      | Reached skill level 3 in Air Magic
  7302 | D:6      | HP: 11/46 [poisoned by an adder]
  7313 | D:6      | HP: 7/46 [adder (3)]
  7318 | D:6      | HP: 3/46 [poisoned by an adder]
  7318 | D:6      | Killed from afar by an orc wizard

Vanquished Creatures
  Sigmund (D:4)
  2 steam dragons
  2 ogres (D:5)
  A bullfrog (D:6)
  A jelly (D:5)
  4 orc priests
  A hound (D:6)
  Ijyb (D:3)
  Natasha (thrice) (D:4)
  4 orc wizards (D:4)
  9 adders
  An ufetubus (D:4)
  7 worms
  A dart slug (D:4)
  20 orcs
  7 ball pythons
  6 endoplasms
  3 giant cockroaches
  5 hobgoblins
  2 jackals (D:2)
  3 quokkas
  7 bats
  4 frilled lizards
  7 goblins
  7 kobolds
  5 rats
114 creatures vanquished.

Vanquished Creatures (others)
  A hobgoblin (D:4)
1 creature vanquished.

Grand Total: 115 creatures vanquished

Table legend:
 A = Non-vault XP
 B = Vault XP
 C = Vault XP percentage of total XP
 D = Non-vault monster count
 E = Vault monster count
 F = Vault count percentage of total count
                 A         B        C        D         E       F
            +---------+---------+-------+---------+---------+-------
      Total |    1426 |     328 |  18.7 |      98 |      17 |  14.8
            +---------+---------+-------+---------+---------+-------
        D:1 |      34 |       3 |   8.1 |      22 |       2 |   8.3
        D:2 |      51 |      12 |  19.0 |      13 |       5 |  27.8
        D:3 |     149 |      40 |  21.2 |      21 |       3 |  12.5
        D:4 |     573 |     258 |  31.0 |      28 |       2 |   6.7
        D:5 |     482 |      15 |   3.0 |       9 |       5 |  35.7
        D:6 |     137 |       0 |   0.0 |       5 |       0 |   0.0
            +---------+---------+-------+---------+---------+-------

Illustrated notes

Table legend:
 A = Kills in this place as a percentage of kills in entire the game.
 B = Kills by you in this place as a percentage of kills by you in the entire game.
 C = Kills by friends in this place as a percentage of kills by friends in the entire game.
 D = Other kills in this place as a percentage of other kills in the entire game.
 E = Experience gained in this place as a percentage of experience gained in the entire game.
 F = Experience gained in this place divided by the number of levels of this place that you have seen.
                   A       B       C       D       E      F
               +-------+-------+-------+-------+-------+----------------------
         Total | 100.0 | 100.0 |   N/A | 100.0 | 100.0 | 292.3
       Dungeon | 100.0 | 100.0 |   N/A | 100.0 | 100.0 | 292.3
               +-------+-------+-------+-------+-------+----------------------

Table legend: (Time is in decaauts)
 A = Elapsed time spent in this place.
 B = Non-inter-level travel time spent in this place.
 C = Inter-level travel time spent in this place.
 D = Time resting spent in this place.
 E = Time spent auto-exploring this place.
 F = Levels seen in this place.
 G = Mean time per level.
                   A        B        C        D        E       F      G
               +--------+--------+--------+--------+--------+-----+--------+
         Total |   7305 |   7095 |    210 |   1474 |   4888 |   6 | 1217.5 |
       Dungeon |   7305 |   7095 |    210 |   1474 |   4888 |   6 | 1217.5 |
               +--------+--------+--------+--------+--------+-----+--------+

Top non-repeatable levels by time:
     D:4: 2414 daAuts
     D:5: 1347 daAuts
     D:1: 1302 daAuts
     D:3: 1215 daAuts
     D:2: 946 daAuts
     D:6: 77 daAuts
